 Dungeon Crawl Stone Soup version 0.29-a0-330-g52719c12eb (webtiles) character file.

Game seed: 14994196308219632911

9646 Ajdolov the Spear-Bearer (level 11, -13/93 HPs)
             Began as a Barachi Ice Elementalist on Apr 28, 2022.
             Was a Believer of Cheibriados.
             Mangled by a cane toad (21 damage)
             ... on level 10 of the Dungeon.
             The game lasted 00:23:13 (15462 turns).

Ajdolov the Spear-Bearer (BaIE)                    Turns: 15462, Time: 00:23:14

Health: -13/93     AC: 10    Str: 14    XL:     11   Next: 49%
Magic:  11/14      EV:  9    Int: 24    God:    Cheibriados [**....]
Gold:   547        SH:  0    Dex: 16    Spells: 7/14 levels left

rFire   + . .      SeeInvis .   s - +0 trident
rCold   . . .      Faith    .   (no shield)
rNeg    . . .      Spirit   .   d - +1 scale mail {Will+}
rPois   .          Reflect  .   L - +0 helmet
rElec   .          Harm     .   (no cloak)
rCorr   .          Rampage  .   O - +1 pair of gloves
Will    +....                   (no boots)
Stlth   +.........              J - amulet of magic regeneration
HPRegen 0.25/turn               Q - ring of protection from fire
MPRegen 0.54/turn               M - ring of flight

@: unable to hop, flying, very slow
A: amphibious, slowness 1, strong legs 1, +LOS
a: Hop, Renounce Religion, Bend Time


You were on level 10 of the Dungeon.
You worshipped Cheibriados.
Cheibriados was pleased with you.
You visited 3 branches of the dungeon, and saw 13 of its levels.
You also visited: Sewer.

You collected 779 gold pieces.
You spent 232 gold pieces at shops.

Inventory:

Hand Weapons
 s - a +0 trident (weapon)
Missiles
 j - 5 throwing nets
 r - 4 silver boomerangs
 D - 5 curare-tipped darts
Armour
 d - a +1 scale mail of willpower (worn)
 K - +0 acid dragon scales
 L - a +0 helmet (worn)
 O - a +1 pair of gloves (worn)
Jewellery
 A - a ring of magical power
 J - an amulet of magic regeneration (around neck)
 M - a ring of flight (right hand)
 Q - a ring of protection from fire (left hand)
Wands
 a - a wand of flame (12)
 k - a wand of digging (3)
 C - a wand of acid (4)
 I - a wand of iceblast (12)
 N - a wand of charming (4)
Scrolls
 f - 3 scrolls of enchant armour
 l - 5 scrolls of noise
 n - a scroll of summoning
 o - a scroll of amnesia {unknown}
 p - 3 scrolls of enchant weapon
 t - 2 scrolls of fear {unknown}
 v - 2 scrolls of silence {unknown}
 w - 4 scrolls of fog
 y - a scroll of torment {unknown}
 z - 2 scrolls of teleportation {unknown}
 G - a scroll of vulnerability
 H - a scroll of identify
Potions
 b - 4 potions of magic
 c - 2 potions of cancellation {unknown}
 e - 4 potions of lignification {unknown}
 g - 4 potions of heal wounds {unknown}
 h - 2 potions of resistance {unknown}
 i - 2 potions of curing
 m - a potion of flight {unknown}
 q - 2 potions of mutation {unknown}
 u - 2 potions of degeneration {unknown}
 x - 2 potions of might {unknown}
 B - a potion of ambrosia {unknown}
 E - 2 potions of brilliance {unknown}
 F - 3 potions of haste {unknown}
 P - a potion of invisibility {unknown}


   Skills:
 - Level 11.0 Fighting
 * Level 13.1 Polearms
 - Level 2.1 Dodging
 - Level 1.7 Stealth
 - Level 2.1 Spellcasting
 - Level 8.0 Ice Magic
 + Level 4.5 Invocations


You had 7 spell levels left.
You knew the following spells:

 Your Spells              Type           Power      Damage    Failure   Level
a - Freeze                Ice            100%       1d11      1%          1
b - Frozen Ramparts       Ice            82%        1d10      6%          3
c - Ozocubu's Armour      Ice            41%        N/A       6%          3

Your spell library contained the following spells:

 Spells                   Type           Power      Damage    Failure   Level
 Animate Skeleton         Necr           4%         N/A       47%         1
 Apportation              Tloc           4%         N/A       47%         1
 Magic Dart               Conj           8%         1d3       47%         1
 Summon Small Mammal      Summ           8%         N/A       47%         1
 Call Imp                 Summ           2%         N/A       63%         2
 Hailstorm                Conj/Ice       21%        3d6       71%         4
 Conjure Flame            Conj/Fire      2%         6-21      85%         3
 Ignite Poison            Fire/Tmut/Pois 2%         N/A       85%         3
 Mephitic Cloud           Conj/Pois/Air  2%         N/A       85%         3
 Sticky Flame             Conj/Fire      2%         2d3       99%         4
 Alistair's Intoxication  Tmut/Pois      1%         N/A       100%        5


Dungeon Overview and Level Annotations

Branches:
Dungeon (11/15)            Temple (1/1) D:6            Lair (1/6) D:10
  Sewer (visited)
    Orc: D:9-12

Altars:
Ashenzari
Cheibriados
Dithmenos
Elyvilon
Fedhas
Gozag
Hepliaklqana
Kikubaaqudgha
Makhleb
Nemelex Xobeh
Okawaru
Qazlal
Ru
Sif Muna
Trog
Uskayaw
Vehumet
Wu Jian
Xom
Yredelemnul
Zin
The Shining One

Shops:
D:3 =   D:4 *(:?:


Innate Abilities, Weirdness & Mutations

You are amphibious.
You cover ground slowly.
You can hop short distances.
You have an extended range of vision and can be seen from far away.


Message History

The cane toad stings you!
* * * LOW HITPOINT WARNING * * *
The yak barely misses you. The yak gores you.
* * * LOW HITPOINT WARNING * * *
You fly upwards.
Welcome back to the Dungeon!
You feel very sick.
There is a staircase to the Lair, spattered with blood here.
You feel better. The cane toad closely misses you. The cane toad stings you!
* * * LOW HITPOINT WARNING * * *
You are poisoned.
The cane toad poisons you!
Unknown command.
Okay, then.
Hop to where?
Press: ? - help, Dir - move target
Okay, then.
Okay, then.
Hop to where?
Press: ? - help, Dir - move target Boing!
You feel sick.
You feel better.
The bullfrog hits you but does no damage.
The bullfrog closely misses you. The yak barely misses you.
The bullfrog barely misses you. The yak gores you.
* * * LOW HITPOINT WARNING * * *
The bullfrog attacks as you move away!
The bullfrog hits you but does no damage.
The yak attacks as you move away! The yak gores you but does no damage.
The yak attacks as you move away! The yak gores you.
* * * LOW HITPOINT WARNING * * *
The bullfrog barely misses you. The cane toad barely misses you.
The yak gores you.
* * * LOW HITPOINT WARNING * * *
Okay, then.
The flow of time bends around you.
Cheibriados rebukes the yak.
The yak seems to slow down.
Cheibriados rebukes the cane toad.
The cane toad seems to slow down.
The cane toad stings you!!
You die...

#..##....#.# ##># #........#
#..#.....#.# #.†# #........#
#..#.....#.# #.## #........##
###..#..<..#.####.#####..........
.....#######[.............#######
#......................>..# #
#######........Y..........# #
#.......FYFF........# #
#.########@.........# #
#.#......#..........#
#.#......#..######..#
#.#......'..# #..#
#######.#'######..# #..#######
..................# #.........
..................# #.######..
..................######.# #..
.........................# #..


You could see 2 yaks, 2 cane toads and a bullfrog.

Vanquished Creatures
  Harold (D:10)
  2 two-headed ogres
  An orange crystal statue (D:9)
  Joseph (D:10)
  An unseen horror (D:10)
  2 trolls (D:9)
  Prince Ribbit (D:8)
  2 shadows (D:10)
  2 wyverns
  10 yaks
  2 steam dragons
  2 vampire mosquitoes (D:10)
  Menkaure (D:4)
  Edmund (D:6)
  An acid dragon (D:8)
  A water moccasin (Sewer)
  2 ice beasts
  2 sky beasts
  2 orc warriors
  3 centaurs
  A phantom (D:5)
  2 bullfrogs
  5 kobold brigands
  A necrophage (D:8)
  2 gnoll sergeants
  4 scorpions
  15 killer bees
  2 howler monkeys (D:8)
  2 jellies (D:5)
  An orc priest (D:3)
  7 hounds
  2 iguanas
  2 orc wizards
  7 gnolls
  10 adders
  3 ufetubi
  3 worms
  2 dart slugs
  14 orcs
  6 bats
  6 endoplasms
  9 giant cockroaches
  2 goblins
  11 hobgoblins
  2 jackals (Sewer)
  5 quokkas
  4 ball pythons
  5 frilled lizards
  27 kobolds
  5 rats
207 creatures vanquished.

Vanquished Creatures (others)
  5 plants (D:10)
5 creatures vanquished.

Grand Total: 212 creatures vanquished

Notes
Turn   | Place    | Note
-------+----------+-------------------------------------------
     0 | D:1      | Ajdolov the Barachi Ice Elementalist began the quest for
                  | the Orb.
     0 | D:1      | Reached XP level 1. HP: 13/13 MP: 3/3
    72 | D:1      | Reached skill level 5 in Ice Magic
   316 | D:1      | Reached XP level 2. HP: 16/19 MP: 1/5
   516 | D:1      | Found a faded altar of an unknown god.
  1211 | D:2      | Reached XP level 3. HP: 14/24 MP: 0/6
  2075 | D:2      | Reached XP level 4. HP: 26/30 MP: 4/7
  2079 | D:2      | Learned a level 3 spell: Frozen Ramparts
  2083 | D:2      | Learned a level 3 spell: Ozocubu's Armour
  2449 | D:3      | Noticed a sky beast
  2471 | D:3      | Killed a sky beast
  2472 | D:3      | Reached XP level 5. HP: 10/35 MP: 1/8
  2987 | D:3      | Found Sayp's Jewellery Shop.
  3444 | D:4      | Found a sparkling altar of Nemelex Xobeh.
  3447 | D:4      | Found a blossoming altar of Fedhas.
  3516 | D:4      | Found Fuam's Book Emporium.
  3539 | D:4      | Found Kawk's Book Shop.
  3560 | D:4      | Found Gigrom's Weapon Shoppe.
  3616 | D:4      | Reached XP level 6. HP: 42/46 MP: 5/9
  3627 | D:4      | Found a glowing drain.
  3664 | Sewer    | Entered a sewer
  3789 | Sewer    | Noticed a water moccasin
  3800 | Sewer    | Killed a water moccasin
  4120 | D:4      | Noticed Menkaure
  4133 | D:4      | Killed Menkaure
  4134 | D:4      | Reached skill level 5 in Fighting
  4134 | D:4      | Reached XP level 7. HP: 48/56 MP: 2/10
  4215 | D:4      | Found Estyoc's Magic Scroll Shop.
  4264 | D:4      | Bought a scroll of identify for 24 gold pieces
  4266 | D:4      | Bought a scroll of identify for 24 gold pieces
  4343 | D:4      | Found a bloodstained altar of Trog.
  4400 | D:4      | Bought a +0 spear for 36 gold pieces
  4413 | D:4      | Found Mirr's Assorted Antiques.
  4437 | D:4      | Reached skill level 1 in Polearms
  4455 | D:4      | Bought a trident for 94 gold pieces
  4455 | D:4      | Bought a scroll of identify for 54 gold pieces
  4808 | D:4      | Reached skill level 2 in Polearms
  4943 | D:4      | Reached skill level 3 in Polearms
  5516 | D:5      | Entered Level 5 of the Dungeon
  5642 | D:5      | Reached XP level 8. HP: 8/65 MP: 7/11
  6111 | D:5      | Reached skill level 4 in Polearms
  6791 | D:5      | Reached skill level 5 in Polearms
  7376 | D:6      | Found a staircase to the Ecumenical Temple.
  7386 | Temple   | Entered the Ecumenical Temple
  7505 | D:6      | Reached skill level 6 in Polearms
  7912 | D:6      | Noticed Edmund
  7923 | D:6      | Killed Edmund
  7924 | D:6      | Reached XP level 9. HP: 47/74 MP: 12/12
  8148 | D:6      | Reached skill level 7 in Polearms
  8560 | D:7      | Found a basalt altar of Yredelemnul.
  9664 | D:8      | HP: 3/75 [steam dragon/ball of steam (18)]
  9667 | D:8      | Reached skill level 8 in Polearms
 10241 | D:8      | Noticed Prince Ribbit
 10286 | D:8      | Killed Prince Ribbit
 10605 | D:8      | Found a shimmering blue altar of Sif Muna.
 10710 | D:9      | Reached skill level 9 in Polearms
 10726 | D:9      | Noticed a troll
 10884 | D:9      | Noticed an orange crystal statue
 10885 | D:9      | Noticed a hornet
 10886 | D:9      | Noticed a five-headed hydra
 10933 | D:9      | Reached skill level 10 in Fighting
 10933 | D:9      | Reached XP level 10. HP: 65/85 MP: 13/13
 11079 | D:9      | Found an opulent altar of Gozag.
 11347 | D:9      | Found an iron altar of Okawaru.
 11365 | D:9      | Reached skill level 10 in Polearms
 11683 | D:9      | Noticed a two-headed ogre
 11691 | D:9      | Killed a two-headed ogre
 11872 | D:9      | Found a hide-covered altar of Uskayaw.
 11926 | D:9      | Reached skill level 11 in Polearms
 12007 | D:9      | Found a snail-covered altar of Cheibriados.
 12033 | D:9      | Became a worshipper of Cheibriados the Contemplative
 12157 | D:9      | Reached skill level 1 in Invocations
 12226 | D:9      | Reached * piety under Cheibriados
 12970 | D:9      | Killed an orange crystal statue
 12971 | D:9      | Reached skill level 12 in Polearms
 12971 | D:9      | Reached XP level 11. HP: 91/93 MP: 2/14
 13100 | D:10     | Entered Level 10 of the Dungeon
 13109 | D:10     | Noticed Harold
 13258 | D:10     | Found a burning altar of Makhleb.
 13286 | D:10     | Noticed Joseph
 13318 | D:10     | Killed Joseph
 14210 | D:10     | Found a faded altar of an unknown god.
 14210 | D:10     | Found a shimmering altar of Xom.
 14217 | D:10     | Found a white marble altar of Elyvilon.
 14219 | D:10     | Found a faded altar of an unknown god.
 14221 | D:10     | Found a shadowy altar of Dithmenos.
 14265 | D:10     | Found a staircase to the Lair.
 14383 | D:10     | Noticed a two-headed ogre
 14404 | D:10     | Killed a two-headed ogre
 14700 | D:10     | Reached ** piety under Cheibriados
 14867 | D:10     | Killed Harold
 14868 | D:10     | Reached skill level 13 in Polearms
 15395 | Lair:1   | Entered Level 1 of the Lair of Beasts
 15462 | D:10     | Mangled by a cane toad

Illustrated notes

Levels and vault maps discovered:
D:1:      erik_arrival_triangle_small, layout_loops_corners,
          basic_ecumenical_altar
D:2:      layout_basic, amcnicky_mini_rare_corridor_liquid
D:3:      layout_rooms, serial_shops, nicolae_square_shop, grunt_decor_junction,
          chequers_serial_rivers_room_a
D:4:      layout_layer_cave, minitemple, kennysheep_little_box, serial_shops,
          shop, nicolae_shop_overgrown_old_shop, shop_fountains, shop,
          nicolae_diamond_shop, gup_sewer_entry_pipe, uniq_menkaure
D:5:      layout_gridville
D:6:      layout_basic, minmay_temple_entry_gardened_gates, uniq_edmund
D:7:      layout_gridville, yredelemnul_altar_generic
D:8:      layout_gridville, lemuel_coloured_pillars_altar, uniq_prince_ribbit1
D:9:      layout_loops_ring, mainiacjoe_overflow_24_doors, lemuel_doored_altar,
          okawaru_ov_weapons_minmay, cheibrodos_worm_habitat,
          statue_in_the_mist_lemuel, minmay_protected_statue
D:10:     layout_irregular_city, chequers_temple_overflow_minitemple,
          mainiacjoe_overflow_boulevard, lair_entry_dummy, uniq_harold,
          uniq_joseph
D:11:     layout_irregular_city, orc_0_dummy, serial_shops,
          nicolae_shop_temple_entry_statues_fountains, nicolae_lakefront_shop,
          nicolae_diamond_shop, nicolae_shop_temple_entry_statues_fountains,
          worms_lemuel, uniq_josephine
Temple:   kb_temple_of_zot
Lair:1:   layout_regular_city, chequers_serial_rivers_small_a,
          grunt_megastairs_5

Skill      XL: |  1  2  3  4  5  6  7  8  9 10 11 |
---------------+----------------------------------+-----
Ice Magic      | 5 6 7 8 |  8.0
Fighting       | 2 5 6 8 10 11 | 11.0
Polearms       | 3 6 9 12 13 | 13.1
Invocations    | 3 4 |  4.5
Dodging        | |  2.1
Stealth        | |  1.7
Spellcasting   | |  2.1

Action                   |  1- 3 |  4- 6 |  7- 9 | 10-12 || total
-------------------------+-------+-------+-------+-------++-------
Melee: Unarmed           |     6 |    11 |       |       ||    17
       Dagger            |       |    23 |     9 |       ||    32
       Punch             |       |     1 |     4 |     6 ||    11
       Trident           |       |       |   223 |   199 ||   422
       Spear             |       |       |    10 |       ||    10
 Cast: Freeze            |    42 |    23 |       |       ||    65
       Frozen Ramparts   |       |    14 |    39 |    26 ||    79
       Ozocubu's Armour  |       |     4 |    16 |    15 ||    35
Invok: Bend Time         |       |       |       |     1 ||     1
 Abil: Hop               |       |       |       |     2 ||     2
Evoke: Wand              |       |       |       |    22 ||    22
  Use: Scroll            |       |       |     6 |       ||     6
       Potion            |       |       |     2 |     2 ||     4
 Stab: Sleeping          |       |       |     2 |       ||     2
Armor: Robe              |     5 |    12 |    45 |       ||    62
       Ring mail         |       |       |    13 |       ||    13
       Acid dragon scale |       |       |    11 |    70 ||    81
       Scale mail        |       |       |       |     8 ||     8
Dodge: Dodged            |    26 |    51 |   138 |    84 ||   299

Table legend: (Time is in decaauts)
 A = Elapsed time spent in this place.
 B = Non-inter-level travel time spent in this place.
 C = Inter-level travel time spent in this place.
 D = Time resting spent in this place.
 E = Time spent auto-exploring this place.
 F = Levels seen in this place.
 G = Mean time per level.
                   A        B        C        D        E       F      G
               +--------+--------+--------+--------+--------+-----+--------+
         Total |  17531 |  16654 |    877 |   3380 |  11042 |  14 | 1252.2 |
       Dungeon |  16981 |  16113 |    868 |   3123 |  10868 |  11 | 1543.7 |
        Temple |    112 |    104 |      8 |      0 |     78 |   1 |  112.0 |
          Lair |     11 |     11 |      0 |      0 |      0 |   1 |   11.0 |
         Sewer |    426 |    426 |      0 |    257 |     95 |   1 |  426.0 |
               +--------+--------+--------+--------+--------+-----+--------+

Top non-repeatable levels by time:
     D:9: 2967 daAuts
    D:10: 2391 daAuts
     D:4: 1934 daAuts
     D:5: 1884 daAuts
     D:7: 1454 daAuts
     D:2: 1387 daAuts
     D:6: 1325 daAuts
     D:1: 1277 daAuts
     D:3: 1179 daAuts
     D:8: 1159 daAuts
   Sewer: 426 daAuts
  Temple: 112 daAuts
    D:11: 19 daAuts
  Lair:1: 11 daAuts
